 Dungeon Crawl Stone Soup version 0.13-a0-1775-g6c024ba (webtiles) character file.

114 Kae the Chiller (level 3, 0/24 HPs)
             Began as a Demonspawn Ice Elementalist on June 23, 2013.
             Succumbed to Ijyb's poison
             ... on Level 2 of the Dungeon.
             The game lasted 00:04:19 (876 turns).

Kae the Chiller (Demonspawn Ice Elementalist)        Turns: 876, Time: 00:04:19

HP   0/24        AC  2     Str  8      XL: 3   Next:  5%
MP   0/6         EV 12     Int 17      God:
Gold 84          SH  0     Dex 13      Spells:  2 memorised,  2 levels left

Res.Fire  : . . .   See Invis. : .   (no weapon)
Res.Cold  : . . .   Warding    : .   a - +0 robe
Life Prot.: . . .   Conserve   : .   (no shield)
Res.Poison: .       Res.Corr.  : .   (no helmet)
Res.Elec. : .       Clarity    : .   (no cloak)
Sust.Abil.: . .     Spirit.Shd : +   (no gloves)
Res.Mut.  : .       Stasis     : .   (no boots)
Res.Rott. : .       Flight     : .   (no amulet)
Saprovore : . . .                    (no ring)
                                     (no ring)

@: very poisoned, not resistant to hostile enchantments, fairly stealthy
A: magic shield, magic regeneration
a: no special abilities


You were on level 2 of the Dungeon.
You were not hungry.

You visited 1 branch of the dungeon, and saw 2 of its levels.

You collected 64 gold pieces.

Inventory:

Armour
 a - a +0 robe (worn)
Comestibles
 c - 3 bread rations
 g - a choko
 j - a rambutan
Scrolls
 d - 3 scrolls of remove curse {unknown}
 i - a scroll of enchant weapon II {unknown}
Jewellery
 m - an uncursed ring of fire {unknown}
Potions
 e - a potion of brilliance {unknown}
 f - a potion of invisibility {unknown}
 h - 2 potions of curing {unknown}
 k - a potion of restore abilities {unknown}
 n - a potion of speed {unknown}
Books
 b - a book of Frost

   Spells                             Type                      Level
   *Freeze                            Ice                          1
   *Throw Frost                       Conjuration/Ice              2
   Ozocubu's Armour                   Charms/Ice                   3
   Throw Icicle                       Conjuration/Ice              4
   Summon Ice Beast                   Ice/Summoning                4
   Condensation Shield                Ice                          4
 l - a book of Conjurations

   Spells                             Type                      Level
   Magic Dart                         Conjuration                  1
   Force Lance                        Conjuration                  2
   Dazzling Spray                     Conjuration/Hexes            3
   Iskenderun's Mystic Blast          Conjuration                  4
   Iskenderun's Battlesphere          Conjuration/Charms           4
   Fulminant Prism                    Conjuration/Hexes            5


   Skills:
 - Level 1.7 Dodging
 - Level 1.7 Stealth
 + Level 1.5 Spellcasting
 * Level 1.4 Conjurations
 * Level 3.3 Ice Magic


You had 2 spell levels left.
You knew the following spells:

 Your Spells              Type           Power        Failure   Level  Hunger
a - Freeze                Ice            ##..         6%          1    ##.....
b - Throw Frost           Conj/Ice       #.....       14%         2    ###....


Dungeon Overview and Level Annotations

Branches:
Dungeon (2/27)

Altars:

Annotations
D:2 Ijyb


Innate Abilities, Weirdness & Mutations

When hurt, damage is shared between your health and your magic reserves.
You regenerate magic rapidly.


Message History

Confirm with . or Enter, or press ? or * to list all spells.
Aiming: Freeze
Press: ? - help, Shift-Dir - straight line, f/p - Ijyb
Aim: Ijyb, wielding a dagger of venom (heavily wounded)
You freeze Ijyb.
Ijyb is heavily wounded.
Ijyb hits you with a dagger of venom.
You are more poisoned.
You closely miss Ijyb.
Ijyb is heavily wounded.
You feel sick. Ijyb hits you with a dagger of venom.
You are more poisoned.
You hit Ijyb but do no damage.
Ijyb is heavily wounded.
You feel sick. Ijyb hits you with a dagger of venom.
* * * LOW HITPOINT WARNING * * *
You are more poisoned.
* * * LOW HITPOINT WARNING * * *
You feel very sick.
You die...

........# #..# #....S# #..#
#.....# #..# #.###.....####
#..# #...$........## #..#
.####.....#.S.## #..#
#......###g## #..# #####.#.#.##
##.###########..# ..........#
#.@............#
####%.###.#####.##########...##
#.........#.## ######.....#
##.##....... ..<.........#
#.##.....## ######.....# #.#
.....# ##....# ##.# ....#
##.#.# ####..####..# #.#.#
#...........## #.#.#


You could see Ijyb and a ball python.

Vanquished Creatures
  6 giant geckos
  An ooze (D:2)
  4 bats
  A giant cockroach (D:1)
  A goblin (D:1)
  2 hobgoblins (D:1)
  3 kobolds
  A giant newt (D:1)
  6 rats
25 creatures vanquished.

Notes
Turn   | Place    | Note
--------------------------------------------------------------
     0 | D:1      | Kae, the Demonspawn Ice Elementalist, began the quest for the Orb.
     0 | D:1      | Reached XP level 1. HP: 13/13 MP: 3/3
   120 | D:1      | Reached skill level 3 in Ice Magic
   208 | D:1      | Gained mutation: When hurt, damage is shared between your health and your magic reserves. [demonic ancestry]
   208 | D:1      | Reached XP level 2. HP: 11/19 MP: 4/4
   212 | D:1      | Learned a level 2 spell: Throw Frost
   836 | D:2      | Gained mutation: You regenerate magic rapidly. [demonic ancestry]
   836 | D:2      | Reached XP level 3. HP: 17/24 MP: 1/6
   852 | D:2      | Noticed Ijyb
   876 | D:2      | Succumbed to Ijyb's poison

Action                   || total
-------------------------++-------
Melee: Unarmed           ||    36
 Cast: Freeze            ||    40
 Stab: Sleeping          ||     1
